 Dungeon Crawl Stone Soup version 0.21-a0-260-g9b2435e (webtiles) character file.

4 tidbits the Grave Robber (level 1, -3/14 HPs)
             Began as a Demigod Necromancer on Sept 7, 2017.
             Slain by an adder (5 damage)
             ... on level 2 of the Dungeon.
             The game lasted 00:01:11 (97 turns).

tidbits the Grave Robber (Demigod Necromancer)        Turns: 97, Time: 00:01:12

Health: -3/14      AC:  2    Str: 11    XL:     1   Next: 46%
Magic:  5/5        EV: 12    Int: 19    God:
Gold:   0          SH:  0    Dex: 16    Spells: 1/3 levels left

rFire    . . .     SeeInvis .   a - +0 short sword
rCold    . . .     Gourm    .   (no shield)
rNeg     . . .     Faith    .   g - +0 robe
rPois    .         Spirit   .   (no helmet)
rElec    .         Reflect  .   (no cloak)
rCorr    .         Harm     .   (no gloves)
MR       .....                  (no boots)
Stlth    ++........             (no amulet)
HPRegen  0.04/turn              (no ring)
MPRegen  0.09/turn              (no ring)

@: no status effects
A: high mp 1
a: no special abilities


You were on level 2 of the Dungeon.
You were not hungry.

You visited 1 branch of the dungeon, and saw 2 of its levels.

Inventory:

Hand Weapons
 a - a +0 short sword (weapon)
Missiles
 d - 18 sling bullets
Armour
 g - a +0 robe (worn)
Books
 b - a book of Necromancy

   Spells                             Type                      Level
   a - Pain                           Necromancy                   1
   b - Animate Skeleton               Necromancy                   1
   c - Vampiric Draining              Necromancy                   3
   d - Regeneration                   Charms/Necromancy            3
   e - Animate Dead                   Necromancy                   4
   f - Control Undead                 Necromancy                   4
Comestibles
 c - a bread ration
 f - 2 chunks of flesh


   Skills:
 - Level 1.7 Dodging
 - Level 1.7 Stealth
 + Level 1.9 Spellcasting
 * Level 3.7 Necromancy


You had one spell level left.
You knew the following spells:

 Your Spells              Type           Power        Failure   Level  Hunger
n - Animate Skeleton      Necr           N/A          3%          1    #......
z - Pain                  Necr           ###.         3%          1    #......


Dungeon Overview and Level Annotations

Branches:
Dungeon (2/15)


Innate Abilities, Weirdness & Mutations

You have an increased reservoir of magic. (+10% MP)


Message History

Press: ? - help, Dir - move target cursor, f - kobold
Aim: a kobold, wielding a short sword (resting) Attack!
The kobold shouts!
Your bat skeleton closely misses the kobold.
Your bat skeleton hits the kobold.
Your bat skeleton misses the kobold.
Your bat skeleton closely misses the kobold.
Your bat skeleton hits the kobold but does no damage.
The kobold hits your bat skeleton with a short sword.
Your bat skeleton is destroyed!
Your bat skeleton hits the kobold but does no damage.
Your bat skeleton hits the kobold but does no damage.
Your bat skeleton misses the kobold.
Your bat skeleton barely misses the kobold.
A rat comes into view.
Casting: Animate Skeleton
Confirm with . or Enter, or press ? or * to list all spells.
Aiming: Pain
Press: ? - help, Shift-Dir - straight line, f/p - kobold
Aim: a kobold, wielding a short sword (moderately wounded, chance to defeat MR: 85%)
The kobold writhes in agony!
Your bat skeleton barely misses the kobold.
Your bat skeleton closely misses the kobold.
Casting: Pain
Confirm with . or Enter, or press ? or * to list all spells.
Aiming: Pain
Press: ? - help, Shift-Dir - straight line, f/p - kobold
Aim: a kobold, wielding a short sword (severely wounded, chance to defeat MR: 85%)
The kobold writhes in agony!
You kill the kobold!
Casting: Pain
Confirm with . or Enter, or press ? or * to list all spells.
Aiming: Pain
Press: ? - help, Shift-Dir - straight line, f - rat
Aim: a rat (chance to defeat MR: 87%)
The rat writhes in agony!
You kill the rat!
Things that are here:
a short sword; a kobold corpse
g - a short sword Wield which item (- for none, * to show all)? (? for menu, Esc to quit)
That's the wrong kind of item! (Use * to select it.) Wield which item (- for none, * to show all)? (? for menu, Esc to quit)
g - a +0 short sword (weapon)
Adjust (i)tems, (s)pells, or (a)bilities?
Adjust which item? (? for menu, Esc to quit)
g - a +0 short sword (weapon)
Adjust to which letter? (? for menu, Esc to quit)
a - a +0 short sword (weapon);
g - a +0 robe (worn)
A goblin comes into view.
What are your orders? t - Shout!
Orders for allies: a - Attack new target. r - Retreat! s - Stop attacking. g - Guard the area. f - Follow me.
Anything else - Cancel.
Gang up on whom?
Press: ? - help, Dir - move target cursor, f - goblin
Aim: a goblin (resting) Attack!
The goblin shouts!
Your bat skeleton completely misses the goblin.
Your bat skeleton hits the goblin.
The goblin hits your bat skeleton.
Your bat skeleton hits the goblin. x2; Your bat skeleton misses the goblin.
Your bat skeleton hits the goblin.
The goblin dies!
Found a stone staircase leading down.
There is a stone staircase leading down here.
You climb downwards.
Your mindless thrall stays behind.
A worm comes into view.
Found 3 tomahawks and 8 gold pieces.
There is a stone staircase leading up here.
The helpless worm fails to defend itself.
You hit the worm.
The worm is lightly wounded.
Found 6 gold pieces.
Found 8 gold pieces.
Found a stone staircase leading down.
An adder comes into view.
A giant cockroach comes into view.
You aren't carrying any potions.
Unknown command.
As you read the scroll labeled VUGOAR MIJER, it crumbles to dust.
It is a scroll of amnesia.
Forget which spell ([?*] list [ESC] exit)?
Forget which spell ([?*] list [ESC] exit)?
Okay, then.
The adder bites you.
A goblin comes into view.
The adder bites you but does no damage.
Found 31 arrows.
A rat comes into view.
The worm bites you!
Ouch! That really hurt!
* * * LOW HITPOINT WARNING * * *
A jackal comes into view.
The jackal barks!
The adder bites you.
* * * LOW HITPOINT WARNING * * *
The adder bites you.
You die...

.....# ... ......#
$. ....#..##.#
..........#
#........# #
#...(..# ..
##.#...<..# .(.
..........# #.#
...#...@..# ... #.
###.S#####.#
#..###.ws....g####
.$................
.>.......#...####
.................r
......$...##..####
...........##....
............#####


You could see a worm, an adder and a giant cockroach.

Vanquished Creatures
  2 bats (D:1)
  A kobold (D:1)
  A rat (D:1)
4 creatures vanquished.

Vanquished Creatures (collateral kills)
  A goblin (D:1)
1 creature vanquished.

Grand Total: 5 creatures vanquished

Notes
Turn   | Place    | Note
-------+----------+-------------------------------------------
     0 | D:1      | tidbits the Demigod Necromancer began the quest for the Orb.
     0 | D:1      | Reached XP level 1. HP: 14/14 MP: 5/5
    23 | D:1      | Learned a level 1 spell: Animate Skeleton
    97 | D:2      | Slain by an adder

Vault maps used:
D:1:      lightli_arrival_statue_moat
D:2:      gammafunk_temple_overflow_elements

Action                   || total
-------------------------++-------
Melee: Short sword       ||     1
 Cast: Pain              ||     5
       Animate Skeleton  ||     2
  Use: Scroll            ||     1
 Stab: Sleeping          ||     1
Armor: Robe              ||     2
Dodge: Dodged            ||     1

Table legend:
 A = Spawn XP
 B = Non-spawn XP
 C = Spawn XP percentage of total XP
 D = Spawn monster count
 E = Non-spawn monster count
 F = Spawn count percentage of total count
 G = Total turns spent on level
                    A         B        C        D         E        F      G
               +---------+---------+-------+---------+---------+-------+---------
         Total |       0 |       7 |   0.0 |       0 |       5 |   0.0 |    97
               +---------+---------+-------+---------+---------+-------+---------
           D:1 |       0 |       7 |   0.0 |       0 |       5 |   0.0 |    80
               +---------+---------+-------+---------+---------+-------+---------

Table legend:
 A = Turns spent in this place as a percentage of turns spent in the entire game.
 B = Non-inter-level travel turns spent in this place as a percentage of non-inter-level travel turns spent in the entire game.
 C = Inter-level travel turns spent in this place as a percentage of turns spent in this place.
 D = Turns resting spent in this place as a percentage of non-inter-level travel turns spent in this place.
 E = Turns spent auto-exploring this place as a percentage of non-inter-level travel turns spent in this place.
 F = Non-inter-level travel turns spent in this place divided by the number of levels of this place that you've seen.
                   A       B       C       D       E      F
               +-------+-------+-------+-------+-------+----------------------
         Total | 100.0 | 100.0 |   0.0 |   0.0 |   0.0 |  48.5
       Dungeon | 100.0 | 100.0 |   0.0 |   0.0 |   0.0 |  48.5
               +-------+-------+-------+-------+-------+----------------------

Table legend:
 A = Kills in this place as a percentage of kills in entire the game.
 B = Kills by you in this place as a percentage of kills by you in the entire game.
 C = Kills by friends in this place as a percentage of kills by friends in the entire game.
 D = Other kills in this place as a percentage of other kills in the entire game.
 E = Experience gained in this place as a percentage of experience gained in the entire game.
 F = Experience gained in this place divided by the number of levels of this place that you have seen.
                   A       B       C       D       E      F
               +-------+-------+-------+-------+-------+----------------------
         Total | 100.0 | 100.0 | 100.0 |   N/A | 100.0 |   3.5
       Dungeon | 100.0 | 100.0 | 100.0 |   N/A | 100.0 |   3.5
               +-------+-------+-------+-------+-------+----------------------

Vault maps used:
D:1:      lightli_arrival_statue_moat
D:2:      gammafunk_temple_overflow_elements
